[Event "FRA-ch Youth 2017"]
[Site "Belfort"]
[Date "2017.04.16"]
[Round "1"]
[White "Djidjeli, Sarah"]
[Black "Rozec, Mialy"]
[Result "*"]
[ECO "B10"]
[WhiteElo "1934"]
[BlackElo "1289"]
[Annotator "NA RC"]
[PlyCount "61"]
[EventDate "2017.??.??"]
[EventCountry "FRA"]
[SourceTitle "playchess.com"]
[Source "ChessBase"]
[SourceQuality "1"]
[TimeControl "5400+30"]

1. e4 c6 2. Nc3 g6 3. Nf3 d5 4. exd5 cxd5 5. Bb5+ Bd7 6. Qe2 Nf6 7. O-O Bg7 8. Re1 e6 9. d4 O-O 10. Bf4 Qb6 11. a4 a6 12. a5 Bxb5 13. axb6 Bxe2 14. Rxe2 Nc6 15. Na4 Ne4 16. c3 Rac8 17. Nd2 Nxd2 18. Rxd2 Rfd8 19. Bc7 Rd7 20. Nc5 Rdxc7 21. bxc7 Rxc7 22. g3 Ne7 23. Ra3 e5 24. Rb3 exd4 25. cxd4 Nf5 26. Rxb7 Rxb7 27. Nxb7 Nxd4 28. Kg2 f5 29. h3 Kf7 30. h4 h6 31. Nd6+ *

[Event "FRA-ch Youth 2017"]
[Site "Belfort"]
[Date "2017.04.16"]
[Round "1"]
[White "Berriat, Diane"]
[Black "Afraoui, Anaelle"]
[Result "1-0"]
[ECO "E76"]
[WhiteElo "1611"]
[BlackElo "1977"]
[Annotator "NA RC"]
[PlyCount "37"]
[EventDate "2017.??.??"]
[EventCountry "FRA"]
[SourceTitle "playchess.com"]
[Source "ChessBase"]
[SourceQuality "1"]
[TimeControl "5400+30"]

1. d4 Nf6 2. c4 g6 3. Nc3 Bg7 4. e4 d6 5. f4 O-O 6. Nf3 Nbd7 7. Bd3 c5 8. d5 e6 9. dxe6 fxe6 10. O-O Nb6 11. Qe2 Kh8 $18 (11... e5 $16) 12. e5 dxe5 13. fxe5 Ng4 14. Bg5 Qd7 15. Rad1 Nxe5 16. Nxe5 Qd4+ 17. Kh1 Rxf1+ 18. Rxf1 Qxe5 19. Rf8+ 1-0

[Event "FRA-ch Youth 2017"]
[Site "Belfort"]
[Date "2017.04.16"]
[Round "1"]
[White "Parlas, Helin"]
[Black "Vernet, Solene"]
[Result "*"]
[ECO "A37"]
[WhiteElo "1606"]
[BlackElo "1863"]
[Annotator "NA RC"]
[PlyCount "67"]
[EventDate "2017.??.??"]
[EventCountry "FRA"]
[SourceTitle "playchess.com"]
[Source "ChessBase"]
[SourceQuality "1"]
[TimeControl "5400+30"]

1. c4 c5 2. g3 g6 3. Bg2 Bg7 4. Nf3 Nc6 5. Nc3 e5 6. e4 d6 7. a3 Be6 8. Nd5 Nge7 9. O-O O-O 10. Rb1 Rb8 11. Ng5 Bd7 12. f4 exf4 13. gxf4 Nxd5 14. cxd5 Nd4 15. b4 cxb4 16. Rxb4 a5 17. Rb1 b5 18. Nf3 Qb6 19. Kh1 b4 20. axb4 axb4 21. Nxd4 Bxd4 22. Bb2 Bb5 23. Rf3 Bxb2 24. Rxb2 Qd4 25. Qb3 Qxe4 26. d3 Qe1+ 27. Rf1 Qe7 28. Rbf2 Bd7 29. d4 Bf5 30. Rc1 Rfc8 31. Rc6 Bd7 32. Rxc8+ Bxc8 33. h3 Bf5 34. Qc4 *

[Event "FRA-ch Youth 2017"]
[Site "Belfort"]
[Date "2017.04.16"]
[Round "1"]
[White "Spano, Aline"]
[Black "Rollot, Florence"]
[Result "*"]
[ECO "B01"]
[WhiteElo "1448"]
[BlackElo "1973"]
[Annotator "NA RC"]
[PlyCount "47"]
[EventDate "2017.??.??"]
[EventCountry "FRA"]
[SourceTitle "playchess.com"]
[Source "ChessBase"]
[SourceQuality "1"]
[TimeControl "5400+30"]

1. e4 d5 2. exd5 Qxd5 3. Nc3 Qa5 4. d4 Nf6 5. Bd2 Bg4 6. Ne4 Qh5 7. Nxf6+ gxf6 8. Be2 Rg8 9. Nf3 Nc6 $15 10. Bc3 O-O-O 11. h3 e5 12. Rg1 Bxf3 13. Bxf3 Qxh3 14. d5 Nd4 15. Bxd4 exd4 16. gxh3 Rxg1+ 17. Ke2 Re8+ 18. Kd3 Rxd1+ 19. Rxd1 Bc5 20. Rg1 Bf8 21. Kxd4 Bh6 22. Bh5 Kd7 23. Bxf7 Re2 24. Be6+ *

[Event "FRA-ch Youth 2017"]
[Site "Belfort"]
[Date "2017.04.16"]
[Round "1"]
[White "Braule-Debaecker, Emeline"]
[Black "Yuan, Beline"]
[Result "1-0"]
[ECO "B20"]
[WhiteElo "1287"]
[BlackElo "1845"]
[Annotator "NA RC"]
[PlyCount "54"]
[EventDate "2017.??.??"]
[EventCountry "FRA"]
[SourceTitle "playchess.com"]
[Source "ChessBase"]
[SourceQuality "1"]
[TimeControl "5400+30"]

1. e4 c5 2. c4 Nc6 3. Nc3 g6 4. g3 Bg7 5. Bg2 e5 6. Nge2 Nge7 7. O-O O-O 8. d3 d6 9. Be3 Nd4 10. f4 Be6 11. Qd2 a6 12. Nd5 b5 13. fxe5 dxe5 14. Nxd4 cxd4 15. Bg5 Bxd5 16. cxd5 Qd6 17. Rac1 Rac8 18. Rxc8 Rxc8 19. Qf2 Rf8 20. Bf6 Bh6 21. Qc2 Rb8 22. Bh3 Kf8 23. Be6 Ng8 24. Bxe5 Qb6 25. Rxf7+ Ke8 26. Bxb8 Ne7 27. Qc4 Qd8 1-0

[Event "FRA-ch Youth 2017"]
[Site "Belfort"]
[Date "2017.04.17"]
[Round "2"]
[White "Popov, Konstantin"]
[Black "Trabet, Mathis"]
[Result "1-0"]
[ECO "B49"]
[WhiteElo "2026"]
[BlackElo "1675"]
[Annotator "NA RC"]
[PlyCount "49"]
[EventDate "2017.??.??"]
[EventCountry "FRA"]
[SourceTitle "playchess.com"]
[Source "ChessBase"]
[SourceQuality "1"]
[TimeControl "5400+30"]

1. e4 c5 2. Nf3 e6 3. d4 cxd4 4. Nxd4 Nc6 5. Be3 Qc7 6. Nc3 a6 7. Be2 Nf6 8. O-O Bb4 9. f3 O-O 10. Nb3 h6 {[%emt 0:07:38] B49: Sicilian: Taimanov: 5 Nc3 Qc7 6 Be3 a6 7 Be2} (10... Bxc3 11. bxc3 d5 12. Bg5 Qe5 13. Bxf6 Qxf6 14. exd5 exd5 15. Qxd5 Qxc3 16. Bd3 Nb4 17. Qe4 g6 18. Rfd1 Bf5 19. Qxb7 Bxd3 20. cxd3 Nxd3 21. Qe4 Rad8 22. Rd2 Nc5 23. Qe1 Nxb3 {0-1 (23) Aiglon,L (2118)-Letreguilly,O (2308) France 2006}) 11. a3 Bxc3 12. bxc3 d5 13. Bd3 Rd8 14. Qe1 $146 (14. Qe2 Ne5 15. Bd4 Nxd3 16. cxd3 e5 17. Be3 Qxc3 18. Rab1 dxe4 19. dxe4 Be6 20. Rfc1 Qd3 21. Qe1 Bxb3 22. Rc3 Qxb1 {0-1 (22) Kaiser,G (1631)-Wilde,J (1619) Germany 2016}) 14... dxe4 15. Bxe4 Nxe4 16. fxe4 e5 17. Qg3 {[%emt 0:00:37] [#]} (17. Qf2 $11 {remains equal.}) 17... Kh8 $2 ({Black should play} 17... Rd6 $1 $17) 18. Rf2 (18. Qf2 $1 $14 {keeps the upper hand.}) 18... f6 ({Black should play} 18... Rd6 $1 $15) 19. Qg6 (19. Qh4 $11) 19... Ne7 20. Qf7 $15 Rg8 21. Bc5 b6 22. Qxe7 Qc6 23. Qd6 Qxd6 24. Bxd6 Rd8 25. Bc7 1-0

[Event "FRA-ch Youth 2017"]
[Site "Belfort"]
[Date "2017.04.17"]
[Round "2"]
[White "Rollot, Florence"]
[Black "Goeau, Aurelice"]
[Result "1-0"]
[ECO "A05"]
[WhiteElo "1973"]
[BlackElo "1600"]
[Annotator "NA RC"]
[PlyCount "67"]
[EventDate "2017.??.??"]
[EventCountry "FRA"]
[SourceTitle "playchess.com"]
[Source "ChessBase"]
[SourceQuality "1"]
[TimeControl "5400+30"]

1. Nf3 Nf6 2. c4 g6 3. g3 Bg7 4. Bg2 O-O 5. Nc3 d6 6. O-O Nbd7 7. Rb1 e5 8. b4 c6 9. d3 Qe7 {[%emt 0:19:46] A24: English Opening vs King's Indian: Lines without ...Nc6} (9... d5 10. b5 dxc4 11. dxc4 Qa5 12. Qb3 Re8 13. Ng5 Nb8 14. Nce4 Qc7 15. Ba3 Nxe4 16. Nxe4 Rd8 17. Rfd1 Rxd1+ 18. Rxd1 cxb5 19. cxb5 Nd7 20. Rc1 {1-0 (20) Vidit,S (2565)-Narayanan,S (2483) Kocaeli 2013}) 10. Nd2 Nb6 11. a4 a5 $146 (11... Be6 12. b5 Qc7 13. bxc6 bxc6 14. a5 Nbd7 15. Qa4 Rfc8 16. Ba3 d5 17. cxd5 Bxd5 {1-0 (31) Motzer,H (2021)-Cornaggia,R Arvier 2007}) 12. bxa5 Rxa5 $2 (12... Nbd7 $14) 13. Rxb6 Qc7 14. Rb1 Be6 15. Qb3 Ra7 16. Qb6 Qxb6 17. Rxb6 Nd7 18. Rb4 Rb8 19. Nde4 Bf8 20. Be3 Raa8 21. Ng5 d5 $18 22. Rbb1 d4 23. Nxe6 fxe6 24. Ne4 dxe3 25. fxe3 Rxa4 26. Bh3 Re8 27. Rxb7 Re7 28. Rxd7 Rxd7 29. Bxe6+ Kg7 30. Bxd7 Ra6 31. Ng5 Bb4 32. Rf7+ Kg8 33. Be6 Kh8 34. Rxh7# 1-0

[Event "FRA-ch Youth 2017"]
[Site "Belfort"]
[Date "2017.04.17"]
[Round "2"]
[White "Roux, Baptiste"]
[Black "Bernard, Mathis"]
[Result "1-0"]
[ECO "B03"]
[WhiteElo "1934"]
[BlackElo "1631"]
[Annotator "NA RC"]
[PlyCount "46"]
[EventDate "2017.??.??"]
[EventCountry "FRA"]
[SourceTitle "playchess.com"]
[Source "ChessBase"]
[SourceQuality "1"]
[TimeControl "5400+30"]

1. e4 Nf6 2. e5 Nd5 3. d4 d6 4. c4 Nb6 5. exd6 exd6 6. Nc3 Be7 7. Bd3 Nc6 8. Nge2 Bg4 9. Be3 {[%emt 0:02:44] B03: Alekhine's Defence: Four Pawns Attack} (9. f3 Bh4+ 10. g3 Bxf3 11. O-O Bxe2 12. Qxe2+ Be7 13. Qe4 Qd7 14. Nd5 Nxd5 15. cxd5 Nb4 16. Bb1 Qb5 17. Bg5 {1-0 (31) Volokitin,A (2649)-Bortnyk,O (2581) Doha 2016}) 9... Bf6 10. Qb3 Rb8 $146 (10... O-O 11. O-O a5 12. a3 Bxe2 13. Nxe2 a4 14. Qc2 g6 15. f4 Re8 16. Bf2 d5 {1-0 (30) Gochelashvili,D (2439)-Tsiss,A (2282) Novomikhailovsky 2011}) 11. h3 Bd7 12. Ne4 Be7 13. O-O O-O 14. f4 Bf5 15. Ng5 ({Better is} 15. d5 $16) 15... Bg6 (15... Na5 $15 16. Qc3 Bxd3 17. Qxd3 Bxg5 18. fxg5 Naxc4) 16. Bxg6 hxg6 17. c5 Nc8 (17... dxc5 $15 18. dxc5 Na5) 18. d5 Na5 $1 19. Qc3 b6 $16 (19... Re8 $1 $11 {keeps the balance.}) 20. Bd4 Bf6 21. c6 Bxd4+ 22. Nxd4 Ne7 23. Nde6 Re8 1-0

[Event "FRA-ch Youth 2017"]
[Site "Belfort"]
[Date "2017.04.17"]
[Round "2"]
[White "Vigna, Liza"]
[Black "Tourneur, Cloe"]
[Result "1-0"]
[ECO "B01"]
[WhiteElo "1864"]
[BlackElo "1580"]
[Annotator "NA RC"]
[PlyCount "85"]
[EventDate "2017.??.??"]
[EventCountry "FRA"]
[SourceTitle "playchess.com"]
[Source "ChessBase"]
[SourceQuality "1"]
[TimeControl "5400+30"]

1. e4 d5 2. exd5 Nf6 3. Bb5+ Bd7 4. Bc4 Bg4 5. f3 Bc8 6. Nc3 Nbd7 7. d3 {[%emt 0:06:23] B01: Scandinavian Defence} (7. d4 Nb6 8. Bb3 a5 9. a4 Nbxd5 10. Nge2 e6 11. O-O Be7 12. Nxd5 Nxd5 13. Nf4 O-O 14. Nxd5 exd5 15. Bf4 Bf5 16. Kh1 {½-½ (41) Fluvia Poyatos,J (2448)-Krylov,M (2484) Platja d'Aro 2016}) 7... Nb6 8. Bb5+ Bd7 9. Bc4 Bc8 10. Bf4 Nbxd5 11. Nxd5 Nxd5 12. Bxd5 Qxd5 13. Bxc7 Qc5 14. Bg3 Qb4+ 15. c3 Qxb2 16. Ne2 b6 $146 (16... Bf5) 17. O-O Ba6 18. Rb1 Qa3 19. Nd4 e6 20. Be5 Qa5 21. Re1 $11 Rc8 22. Nf5 f6 23. Bd4 Kf7 24. Ng3 Bc5 25. Ne2 Rhe8 26. Kh1 Bxd4 27. cxd4 Re7 28. Qb3 Qd2 29. Rbd1 Qc2 30. Qa3 Bb7 31. Nf4 Qf2 32. d5 e5 33. d6 Rd7 34. Qb3+ Kf8 35. Ne6+ Ke8 36. Nc5 Rxd6 37. Qg8+ Ke7 38. Qxg7+ Ke8 39. Nxb7 Rdc6 40. Qg8+ Ke7 41. Qxh7+ Ke6 42. d4 Rc2 43. d5# 1-0

[Event "FRA-ch Youth 2017"]
[Site "Belfort"]
[Date "2017.04.17"]
[Round "2"]
[White "Vernet, Solene"]
[Black "Saliou, Sarah"]
[Result "1-0"]
[ECO "E18"]
[WhiteElo "1863"]
[BlackElo "1684"]
[Annotator "NA RC"]
[PlyCount "45"]
[EventDate "2017.??.??"]
[EventCountry "FRA"]
[SourceTitle "playchess.com"]
[Source "ChessBase"]
[SourceQuality "1"]
[TimeControl "5400+30"]

1. d4 Nf6 2. c4 b6 3. Nf3 Bb7 4. g3 e6 5. Bg2 Be7 6. O-O O-O 7. Nc3 d6 8. Qc2 Nbd7 9. Rd1 Re8 10. e4 Qc8 11. b3 e5 12. Bb2 Bf8 13. dxe5 dxe5 14. Bh3 Bc6 15. Nd5 Qb7 16. Nxf6+ ({Better is} 16. b4 $16) 16... Nxf6 17. Nxe5 Bxe4 18. Qc3 a5 $11 19. a3 h6 20. Rd2 Nh7 21. Nxf7 Ng5 22. Nxg5 hxg5 23. Rd7 1-0

[Event "FRA-ch Youth 2017"]
[Site "Belfort"]
[Date "2017.04.17"]
[Round "2"]
[White "Yuan, Beline"]
[Black "Diez, Ambre"]
[Result "1-0"]
[ECO "A57"]
[WhiteElo "1845"]
[BlackElo "1420"]
[Annotator "NA RC"]
[PlyCount "73"]
[EventDate "2017.??.??"]
[EventCountry "FRA"]
[SourceTitle "playchess.com"]
[Source "ChessBase"]
[SourceQuality "1"]
[TimeControl "5400+30"]

1. d4 Nf6 2. c4 c5 3. d5 b5 4. e3 bxc4 5. Bxc4 d6 6. Nc3 g6 7. e4 Bg7 8. f4 Nfd7 9. Nf3 Qa5 10. Bd2 Qb4 11. Qe2 Qb6 12. O-O Ba6 {[%emt 0:03:34] [#]} (12... Qb7 $16 {is a better defense.}) 13. Bxa6 (13. b3 $1 $18) 13... Nxa6 14. e5 dxe5 ({Better is} 14... Nc7 $14) 15. fxe5 O-O $2 (15... Rb8 $16 {was called for.}) 16. Rac1 $14 ({Better is} 16. Na4 $18 Qb7 17. e6) 16... Nc7 17. Na4 Qb5 18. Qxb5 Nxb5 19. e6 Nb6 20. Nxc5 Bxb2 21. Rb1 Bd4+ 22. Nxd4 Nxd4 23. Bh6 fxe6 24. Rxf8+ Rxf8 25. Bxf8 Kxf8 26. Nxe6+ Nxe6 27. dxe6 Kg7 28. Rf1 Nd5 29. Rf7+ Kg8 30. Kf2 h6 31. a3 g5 32. g3 a6 33. Kf3 Nf6 34. Rxe7 g4+ 35. Ke2 h5 36. Ra7 Kf8 37. Rf7+ 1-0

[Event "FRA-ch Youth 2017"]
[Site "Belfort"]
[Date "2017.04.17"]
[Round "2"]
[White "Fretel, Liza"]
[Black "Chachiachvili, Mariam"]
[Result "1-0"]
[ECO "C54"]
[WhiteElo "1801"]
[BlackElo "1742"]
[Annotator "NA RC"]
[PlyCount "74"]
[EventDate "2017.??.??"]
[EventCountry "FRA"]
[SourceTitle "playchess.com"]
[Source "ChessBase"]
[SourceQuality "1"]
[TimeControl "5400+30"]

1. e4 e5 2. Nf3 Nc6 3. Bc4 Bc5 4. c3 Nf6 5. d3 d6 6. b4 Bb6 7. a4 a5 8. b5 Ne7 9. O-O Bg4 10. Re1 O-O 11. Bg5 {[%emt 0:02:57] C54: Giuoco Piano: 4 c3 Nf6, main lines with 5 d4 and 5 d3} Ng6 12. h3 (12. Bb3 h6 13. Be3 Nd7 14. d4 Nh4 15. Nbd2 Qf6 16. d5 Nc5 17. Rf1 Nxb3 18. Bxb6 Nxd2 19. Qxd2 Nxf3+ 20. gxf3 Bh3 {0-1 (20) Zemanova,S (1250)-Skorvagova,M (1507) Zlate Hory 2006}) 12... Be6 13. Bb3 $146 (13. Ba2 Nf4 14. Bxf4 exf4 15. Nd4 Bxa2 16. Rxa2 Re8 17. Qf3 Re5 18. Qxf4 Nh5 {0-1 (31) Bensch,B-Germann,S Germany 1993}) 13... h6 14. Nh4 hxg5 15. Nxg6 Re8 16. h4 fxg6 17. hxg5 Nh7 18. Bxe6+ Rxe6 19. Qb3 Nxg5 20. Na3 Qf6 21. Ra2 Rf8 22. Ree2 Bc5 23. Nc4 b6 24. Ne3 Qf4 $19 25. Rad2 Bxe3 26. Rxe3 Kh7 27. Rde2 Ref6 28. Rg3 Qc1+ 29. Kh2 Rxf2 30. Ree3 R8f7 31. Qd5 Rxg2+ 32. Rxg2 Qxe3 33. Rxg5 Rf2+ 34. Rg2 Qf4+ 35. Kh1 Rf1+ 36. Rg1 Qf3+ 37. Kh2 Rf2+ 1-0

[Event "FRA-ch Youth 2017"]
[Site "Belfort"]
[Date "2017.04.17"]
[Round "2"]
[White "Joly, Audrey"]
[Black "Aubert, Laurane"]
[Result "1-0"]
[ECO "B24"]
[WhiteElo "1747"]
[BlackElo "1998"]
[Annotator "NA RC"]
[PlyCount "97"]
[EventDate "2017.??.??"]
[EventCountry "FRA"]
[SourceTitle "playchess.com"]
[Source "ChessBase"]
[SourceQuality "1"]
[TimeControl "5400+30"]

1. e4 c5 2. Nc3 Nc6 3. Bb5 Nd4 4. Bc4 e6 5. f4 {[%emt 0:01:38] B23: Closed Sicilian: Lines without g3} (5. Nf3 Nf6 6. O-O a6 7. Bb3 d6 8. d3 Nxb3 9. axb3 Be7 10. d4 cxd4 11. Qxd4 O-O 12. Rd1 e5 13. Qd3 h6 14. Nd2 b5 {½-½ (58) Inarkiev,E (2730)-Gelfand,B (2734) Magas 2016}) 5... a6 6. a4 Ne7 7. e5 d5 $146 (7... Rb8 8. Ne4 Nec6 9. c3 Nf5 10. Nf3 d5 11. exd6 Nxd6 12. Nxd6+ Bxd6 {0-1 (54) Stuhr,P (1918)-Brokso,K (1713) Helsingor 2016}) 8. exd6 Nef5 9. Nf3 Bxd6 10. d3 Qc7 11. Nxd4 cxd4 12. Ne2 Qc6 13. O-O Rb8 14. Qe1 b5 15. axb5 axb5 16. Bb3 O-O 17. Ng3 Bb7 18. Rf2 Nh4 19. Qf1 Kh8 20. Ne4 Bc7 21. Bd2 Nf5 22. Kh1 Ne7 23. Qe1 Nd5 24. Qe2 Rbe8 25. Qf3 Ba8 26. Qh3 Kg8 27. Ng5 h6 28. Ne4 f5 29. Ng3 Ne3 30. Rc1 Ng4 31. Re2 Rf6 {[%emt 0:00:53] [#]} 32. Nxf5 $1 Rxf5 33. Qxg4 $18 Kh8 34. Rce1 Rf6 35. Qh4 Bb7 36. f5 Rxf5 37. Bxh6 Kg8 38. Qg4 Rf7 39. Bxe6 Rxe6 40. Rxe6 Qd5 41. Re8+ Kh7 42. Bd2 Rf5 43. R8e7 Rf7 44. Qh3+ Kg8 45. Re8+ Rf8 46. Rxf8+ Kxf8 47. Qh8+ Kf7 48. Qe8+ Kf6 49. Rf1+ 1-0

[Event "FRA-ch Youth 2017"]
[Site "Belfort"]
[Date "2017.04.17"]
[Round "2"]
[White "Mata, Maria"]
[Black "Retailleau, Elise"]
[Result "0-1"]
[ECO "B23"]
[WhiteElo "1717"]
[BlackElo "1946"]
[Annotator "NA RC"]
[PlyCount "64"]
[EventDate "2017.??.??"]
[EventCountry "FRA"]
[SourceTitle "playchess.com"]
[Source "ChessBase"]
[SourceQuality "1"]
[TimeControl "5400+30"]

1. e4 c5 2. Nc3 Nc6 3. f4 g6 4. Nf3 Bg7 5. a3 e6 6. b4 b6 7. g3 Nge7 8. Rb1 O-O 9. Bg2 d6 10. e5 Rb8 11. bxc5 (11. exd6 $15 Qxd6 12. Bb2) 11... dxe5 ({Much weaker is} 11... dxc5 12. Ne4 $11) 12. Nxe5 Nxe5 ({Of course not} 12... Bxe5 $6 13. fxe5 Ba6 14. Ne4 $15) 13. fxe5 Bxe5 (13... Ba6 $17 14. Ne4 (14. d4 $2 bxc5 15. Rxb8 Qxb8 $19) 14... bxc5 15. Rxb8 Qxb8) 14. Ne4 $17 (14. Qe2 $15 Bxc3 15. dxc3) 14... f5 15. Nd6 Ba6 16. d4 Bg7 17. Bf4 Nd5 18. Bxd5 exd5 19. c6 g5 20. Be5 Qe7 21. Nb5 Bxe5 22. dxe5 Qxe5+ 23. Qe2 Qf6 24. O-O Qxc6 25. Qd3 Qc5+ 26. Kg2 d4 27. a4 Bb7+ 28. Kf2 Be4 29. Qxd4 Qxc2+ 30. Ke3 Rbe8 31. Nd6 Bd3+ 32. Nxe8 Qe2# 0-1

[Event "FRA-ch Youth 2017"]
[Site "Belfort"]
[Date "2017.04.17"]
[Round "2"]
[White "Yousfi, Adem"]
[Black "Mathieu, Phileas"]
[Result "1/2-1/2"]
[ECO "C06"]
[WhiteElo "1632"]
[BlackElo "2030"]
[Annotator "NA RC"]
[PlyCount "161"]
[EventDate "2017.??.??"]
[EventCountry "FRA"]
[SourceTitle "playchess.com"]
[Source "ChessBase"]
[SourceQuality "1"]
[TimeControl "5400+30"]

1. e4 e6 2. d4 d5 3. Nd2 Nf6 4. e5 Nfd7 5. Bd3 c5 6. c3 Nc6 7. Ne2 cxd4 8. cxd4 f6 9. exf6 Nxf6 10. Nf3 Bd6 11. O-O O-O 12. Bg5 Qc7 13. Bh4 Bd7 14. Bg3 Be8 {[%emt 0:16:03] C06: French Tarrasch: 3...Nf6 4 e5 Nfd7 5 Bd3 main lines} 15. Bxd6 Qxd6 16. Ng3 Qf4 $146 (16... h6 17. Bc2 Rc8 18. Rc1 Qb4 19. Qe2 Bf7 20. a3 Qb6 21. Rcd1 Na5 22. Ne5 {½-½ (38) Balogh,C (2617)-Dgebuadze,A (2510) Dresden 2007}) 17. Re1 Bf7 18. Qc1 Qd6 19. Qd2 Rae8 20. Ne5 Nxd4 21. Bxh7+ Kxh7 22. Qxd4 Nd7 23. Rad1 Nxe5 24. Rxe5 b6 25. Ne4 Qc6 26. Ng5+ Kg8 27. Qd3 g6 28. Qh3 Kg7 29. Qh7+ Kf6 30. Rde1 Bg8 31. Qh8+ Ke7 32. Qg7+ Kd8 33. Qxg6 Qc5 34. Nf3 Bf7 35. Qg5+ Kd7 36. Qe3 Qd6 37. Nd4 a6 38. Rc1 Rc8 39. Re1 Rfe8 40. Qf3 Bg8 41. Qh5 Qf8 42. Qe2 Qf6 43. Qxa6 Qxe5 44. Qb5+ Kd8 45. Rxe5 Rc1+ 46. Qf1 Rxf1+ 47. Kxf1 Kd7 48. h4 Kd6 49. f4 Rc8 50. Re1 Rc4 51. Rd1 Bf7 52. g4 e5 53. fxe5+ Kxe5 54. Nf3+ Kf4 55. Ng5 Bg8 56. b3 Rb4 $2 (56... Rc2 $14) 57. a3 $2 (57. Kf2 $18) 57... Rxb3 58. Rd4+ Ke3 59. Rd1 d4 60. Re1+ Kd2 $2 (60... Kf4 $11) 61. Ne4+ Kd3 62. Nf2+ Kc3 63. Rc1+ ({White should play} 63. h5 $16) 63... Kd2 64. Rd1+ Ke3 65. Re1+ Kf3 66. Ne4 (66. Rd1 $15) 66... Bc4+ ({Stronger than} 66... Kxg4 67. Nf6+ Kxh4 68. Nxg8 $11) ({Don't play} 66... Rxa3 67. Nd2+ Kg3 68. h5 $17) 67. Kg1 Rb2 68. h5 $2 (68. Ng5+ Kxg4 69. Ne4) 68... Rg2+ 69. Kh1 Ra2 $2 ({Better is} 69... Rxg4 $19 70. Rc1 Bd5 71. Rf1+ Kxe4) 70. h6 Rxa3 $2 {[%emt 0:00:35] [#]} (70... Bg8 $11 {and Black has nothing to worry.}) 71. Nd2+ $2 (71. h7 $1 $18 Ra8 72. g5 (72. Nd2+ Kxg4 73. Nxc4 Rh8 $16)) 71... Kxg4 72. Nxc4 Rh3+ 73. Kg1 Rxh6 74. Re4+ Kf3 75. Rxd4 Rg6+ 76. Kh2 Rg5 77. Nxb6 Rh5+ 78. Kg1 Rg5+ 79. Kf1 Rb5 80. Rd3+ Ke4 81. Rd6 $14 1/2-1/2

[Event "FRA-ch Youth 2017"]
[Site "Belfort"]
[Date "2017.04.17"]
[Round "2"]
[White "Ducos, Antoine"]
[Black "Papadiamandis, Elliot"]
[Result "1/2-1/2"]
[ECO "B90"]
[WhiteElo "1615"]
[BlackElo "1944"]
[Annotator "NA RC"]
[PlyCount "165"]
[EventDate "2017.??.??"]
[EventCountry "FRA"]
[SourceTitle "playchess.com"]
[Source "ChessBase"]
[SourceQuality "1"]
[TimeControl "5400+30"]

1. e4 c5 2. Nf3 d6 3. d4 cxd4 4. Nxd4 Nf6 5. Nc3 a6 6. Be3 e6 7. f3 b5 8. Qd2 Bb7 9. O-O-O Nbd7 10. g4 Nb6 11. Nb3 {[%emt 0:01:40] B80: Sicilian Scheveningen: 6 g3 and 6 Be3, including English Attack} Nfd7 12. Na5 Rb8 13. Nxb7 Rxb7 14. Bf4 Nc5 $146 (14... Nc8 15. Kb1 Qc7 16. h4 Ne5 17. Qg2 Nb6 18. Bc1 Nec4 19. Bd3 {1-0 (33) Korneev,O (2561)-Bofill Mas,A (2379) Ortiguera 2003}) 15. Bxd6 Rd7 16. e5 Nb7 17. Ne4 Nc8 {[%emt 0:01:57] [#]} (17... Bxd6 $14 18. exd6 O-O) 18. Qf4 $2 (18. Bxf8 $1 $18 Rxd2 19. Rxd2 Rxf8 20. Rxd8+ Kxd8 21. a4) 18... Ncxd6 19. exd6 Bxd6 20. Nxd6+ Rxd6 21. Rxd6 Qxd6 22. Qxd6 Nxd6 23. Bd3 h6 24. Rd1 Ke7 25. a4 Rc8 26. axb5 axb5 27. Kd2 Ra8 28. Kc3 Ra4 29. Kb3 Rf4 30. Be2 Nc4 31. Kc3 b4+ 32. Kb3 Ne5 33. Rf1 Kf6 34. h4 g6 35. c3 bxc3 36. Kxc3 h5 37. Rg1 Nxf3 38. g5+ Ke5 39. Bxf3 Rxf3+ 40. Kd2 Rh3 41. Rf1 Rxh4 42. Rxf7 Rg4 43. b4 Rxb4 44. Rf6 Rg4 45. Rxg6 Kf5 46. Rf6+ Ke5 47. Rg6 Kf5 48. Rf6+ Kxg5 49. Rxe6 Kf5 50. Rh6 Kg5 $11 ({Black should play} 50... Rg5 $17 {...Kg4 is the strong threat.} 51. Ke3 Kg4) 51. Rh8 Re4 52. Kd3 Re1 53. Kd2 Re6 54. Rg8+ {[%emt 0:00:16] [#]} Kf4 $1 55. Rh8 Kg4 56. Rg8+ Kh3 57. Rg5 h4 58. Rg8 Kh2 59. Rg4 h3 60. Rg8 Kh1 61. Rg3 h2 62. Rg8 Re4 63. Rg3 Re6 64. Rg5 Ra6 65. Ke2 Ra1 66. Kf2 Rg1 67. Rh5 Rg7 68. Rh8 Rf7+ 69. Ke2 Kg2 70. Rg8+ Kh3 71. Rh8+ Kg3 72. Rg8+ Kh3 73. Rh8+ Kg2 74. Rg8+ Kh1 75. Rg6 Ra7 76. Kf2 Ra1 77. Rg5 Rg1 78. Rh5 Rg8 79. Rf5 Rg4 80. Rf3 Rg2+ 81. Kf1 Ra2 82. Rf5 Ra1+ 83. Kf2 1/2-1/2

[Event "FRA-ch Youth 2017"]
[Site "Belfort"]
[Date "2017.04.17"]
[Round "2"]
[White "Ider, Jargalan"]
[Black "Bellahcene, Meriem"]
[Result "0-1"]
[ECO "D30"]
[WhiteElo "1559"]
[BlackElo "1919"]
[Annotator "NA RC"]
[PlyCount "103"]
[EventDate "2017.??.??"]
[EventCountry "FRA"]
[SourceTitle "playchess.com"]
[Source "ChessBase"]
[SourceQuality "1"]
[TimeControl "5400+30"]

1. d4 d5 2. c4 e6 3. g3 c6 4. Bg2 Nf6 5. Nf3 Nbd7 6. Nc3 Be7 7. O-O O-O 8. Qc2 b6 9. cxd5 exd5 {[%emt 0:07:50] E07: Closed Catalan: Main Line (5 Nf3 0-0 6 0-0 Nbd7)} (9... cxd5 10. Bf4 a6 11. Rac1 Bb7 12. a4 Rc8 13. Qb3 Rc4 14. Na2 Rxc1 15. Rxc1 Qa8 16. Ne5 Rc8 17. Bg5 Rxc1+ 18. Nxc1 {1-0 (58) Lajthajm,B (2477)-Skare,G (2279) Belgrade 2011}) 10. e4 dxe4 11. Nxe4 Bb7 12. Ne5 $146 (12. Rd1 Re8 13. Ne5 Nxe4 14. Bxe4 Nxe5 15. dxe5 Qc7 16. Bxh7+ Kh8 17. Bf4 {1-0 (48) Hernandez,A-Tommasini,E (2154) Kaunas 2011}) 12... Nxe5 13. dxe5 Nd5 14. b3 Nb4 15. Qc3 Ba6 16. Re1 Qd3 17. Ba3 Qxc3 $1 18. Nxc3 Rac8 19. Rad1 Rfe8 20. Bxb4 Bxb4 21. Re3 h6 22. Bf1 Bxf1 23. Kxf1 Rcd8 24. Rxd8 Rxd8 25. Ke2 Bc5 26. Rf3 Re8 27. Rd3 Rxe5+ 28. Kf1 g5 29. Rd7 a5 30. Rc7 Re6 31. Na4 Bd4 32. Rd7 c5 33. Rb7 Rf6 $17 34. h3 Rxf2+ 35. Ke1 Rxa2 36. Nxb6 Bf2+ 37. Kf1 Bxg3 38. Nc4 a4 39. bxa4 Rxa4 40. Nd2 Bf4 41. Nb3 c4 42. Nc5 Ra2 43. Ne4 Ra3 44. Nf6+ Kg7 45. Nh5+ Kg6 46. Nxf4+ gxf4 47. Kg2 Rg3+ 48. Kh2 c3 49. Rc7 h5 50. h4 Rd3 51. Rc4 Kf5 52. Kg2 0-1